 Dungeon Crawl Stone Soup version 0.21.0-3-g78d12a8bdd (webtiles) character file.

111 Jerkops the Poker (level 4, -1/40 HPs)
             Began as a Hill Orc Monk on Jan 13, 2018.
             Slain by a gnoll
             ... wielding a +0 whip
              (6 damage)
             ... on level 2 of the Dungeon.
             The game lasted 00:07:42 (2236 turns).

Jerkops the Poker (Hill Orc Monk)                   Turns: 2236, Time: 00:07:42

Health: -1/40      AC:  4    Str: 14    XL:     4   Next: 92%
Magic:  4/4        EV: 12    Int: 10    God:
Gold:   165        SH:  0    Dex: 13    Spells: 3/3 levels left

rFire    . . .     SeeInvis .   a - +0 spear
rCold    . . .     Gourm    .   (no shield)
rNeg     . . .     Faith    .   d - +0 leather armour
rPois    .         Spirit   .   k - +0 helmet
rElec    .         Reflect  .   (no cloak)
rCorr    .         Harm     .   (no gloves)
MR       .....                  (no boots)
Stlth    ++........             (no amulet)
HPRegen  0.13/turn              (no ring)
MPRegen  0.09/turn              (no ring)

@: no status effects
A: no striking features
a: no special abilities


You were on level 2 of the Dungeon.
You were not hungry.

You visited 1 branch of the dungeon, and saw 3 of its levels.

You collected 165 gold pieces.

Inventory:

Hand Weapons
 a - a +0 spear (weapon)
Missiles
 f - 27 bolts
Armour
 d - a +0 leather armour (worn)
 k - a +0 helmet (worn)
Scrolls
 b - 3 scrolls of remove curse {unknown}
 e - 2 scrolls of identify {unknown}
 g - a scroll of amnesia {unknown}
 h - a scroll of teleportation {unknown}
 i - a scroll of immolation {unknown}
 j - 2 scrolls of fear {unknown}
 l - a scroll of enchant weapon {unknown}
 m - a scroll of fog {unknown}
 n - a scroll of enchant armour {unknown}
Potions
 o - a potion of invisibility {unknown}
Comestibles
 c - 2 rations


   Skills:
 * Level 4.2 Fighting
 * Level 4.5 Polearms
 + Level 1.7 Armour
 + Level 2.9 Dodging
 + Level 2.0 Stealth


You had 3 spell levels left.
You didn't know any spells.

Dungeon Overview and Level Annotations

Branches:
Dungeon (3/15)

Altars:
Sif Muna
Trog
Uskayaw
Yredelemnul


Message History

The gnoll hits you with a halberd. The gnoll barely misses you.
The hobgoblin misses you.
You barely miss the bat. The bat hits you but does no damage.
The gnoll hits you but does no damage. The gnoll barely misses you.
The hobgoblin closely misses you.
You hit the hobgoblin but do no damage. The bat hits you but does no damage.
The bat misses you. The gnoll hits you with a whip.
The gnoll hits you with a halberd!
* * * LOW HITPOINT WARNING * * *
You hit the hobgoblin.
The hobgoblin is severely wounded.
The bat completely misses you. The hobgoblin barely misses you.
The gnoll hits you with a whip.
* * * LOW HITPOINT WARNING * * *
You barely miss the hobgoblin.
The hobgoblin is severely wounded.
The bat hits you but does no damage. The gnoll misses you.
The hobgoblin hits you but does no damage.
The gnoll hits you with a whip.
You die...

#.##.#.# #.##.#.#
#.##.#.# ### #.##.#.#
##..
#.##.#.#########...
#.##.#.............
##.##.###########...
##..b#.# #......
#...@g.########..###.
#..gg###.............
#.#...............###
#.######.######...#
#.# #.# #.### #.# #.#
#.# #.# #.# #.#
#.######.######.#####
#....................


You could see 2 gnolls, a hobgoblin and a bat.

Vanquished Creatures
  An orc wizard (D:3)
  An adder (D:3)
  A gnoll (D:2)
  An ooze (D:2)
  A dart slug (D:1)
  2 leopard geckos (D:1)
  An orc (D:3)
  2 ball pythons
  2 giant cockroaches
  5 goblins
  7 hobgoblins
  4 jackals (D:1)
  9 bats
  2 frilled lizards (D:1)
  7 kobolds
  7 rats
  A spectral orc (D:2)
54 creatures vanquished.

Notes
Turn   | Place    | Note
-------+----------+-------------------------------------------
     0 | D:1      | Jerkops the Hill Orc Monk began the quest for the Orb.
     0 | D:1      | Reached XP level 1. HP: 19/19 MP: 1/1
   150 | D:1      | Reached XP level 2. HP: 9/27 MP: 2/2
   641 | D:1      | Reached XP level 3. HP: 33/33 MP: 3/3
  1179 | D:2      | Reached skill level 1 in Armour
  1200 | D:2      | Found a deep blue altar of Sif Muna.
  1344 | D:2      | Found a bloodstained altar of Trog.
  1407 | D:2      | Found a faded altar of an unknown god.
  1456 | D:2      | Reached XP level 4. HP: 40/40 MP: 4/4
  1466 | D:2      | Found a hide-covered altar of Uskayaw.
  1644 | D:2      | Found a basalt altar of Yredelemnul.
  2236 | D:2      | Slain by a gnoll

Skill      XL: |  1  2  3  4 |
---------------+-------------+-----
Fighting       | 4 |  4.2
Armour         | 1 |  1.7
Polearms       | 4 |  4.5
Stealth        | 2 |  2.0
Dodging        | |  2.9

Action                   |  1- 3 |  4- 6 || total
-------------------------+-------+-------++-------
Melee: Spear             |   191 |    47 ||   238
 Stab: Sleeping          |     3 |     1 ||     4
  Eat: Ration            |     1 |     1 ||     2
Armor: Leather armour    |    41 |    16 ||    57
Dodge: Dodged            |    84 |    49 ||   133
